Unix NetHack Version 3.7.0-97 Work-in-progress - last build Jan 15 2024 16:18:24 (bf5c21b99e62e8a7a5668a06ec9a5d408df58fe5,branch:master). Game began 2024-01-19 04:34:16, ended 2024-01-19 05:03:27. Arasaka, lawful male human Knight --------------- ----------- |..............# |.>.......| ----- |.........%.%.|## |.........| |....### |..........[..+# ..........| |...| #### |.............|# |.........)# |...| # ------- -----|------.--# -----.-----## |...+ ### |.....| # ## # ## ## |...| ##### |.^...| # # # # # |...| ####......| ####### # ### #) -.--- ---.--- #### ### # # # # ### ## ## ## # # # # ----|------ # ## ## ## ##|>(.......| # # # --+-|- #|.........| # @### ### |..{.| #..........| #-r-------- ######## |....| ----------- #|........| --.---------- |....| #.........| #.......<....| |....| |........| |...........| ------ ---------- ------------- Arasaka the Esquire St:16 Dx:10 Co:13 In:8 Wi:14 Ch:17 Lawful Dlvl:3 $:39 HP:0(48) Pw:37(37) AC:4 Xp:5/199 T:2627 Latest messages: Where do you want to travel to? (For instructions type a '?') What do you want to dip? [ac-hjlntx-zAMNP or ?*] Dip an uncursed +1 long sword (weapon in right hand) into the fountain? [yn] (n) Your long sword rusts! What do you want to dip? [ac-hjlntx-zAMNP or ?*] Dip a +1 long sword (weapon in right hand) into the fountain? [yn] (n) Your long sword rusts further! The fountain dries up! What do you want to dip? [ac-hjlntx-zAMNP or ?*] Never mind. What do you want to invoke? [*] Never mind. Where do you want to travel to? (For instructions type a '?') You are already here. Where do you want to travel to? (For instructions type a '?') You hit the homunculus. The homunculus bites! You miss the homunculus. The homunculus bites! You are put to sleep by the homunculus! The homunculus bites! The homunculus just misses! The homunculus just misses! The homunculus bites! The homunculus bites! The homunculus bites! The homunculus bites! The combat suddenly awakens you. You hit the homunculus. The homunculus bites! You kill the homunculus! You hit the rabid rat. The rabid rat bites! You miss the rabid rat. The rabid rat bites! You miss the rabid rat. The rabid rat bites! You feel more confident in your weapon skills. You hit the rabid rat. The rabid rat just misses! You are now more skilled in long sword. You miss the rabid rat. The rabid rat bites! You miss the rabid rat. The rabid rat bites! The rabid rat's bite was poisoned! You die... Inventory: Coins ('$') $ - 39 gold pieces Weapons (')') a - an uncursed very rusty +1 long sword (weapon in right hand) Armor ('[') d - an uncursed +0 helmet (being worn) f - a blessed +0 pair of leather gloves (being worn) e - a blessed +0 small shield (being worn) c - an uncursed rusty +1 ring mail (being worn) Comestibles ('%') g - 4 uncursed apples h - 13 uncursed carrots N - 2 uncursed tripe rations M - an uncursed tin of dried fox meat Rings ('=') j - an uncursed ring of see invisible x - an uncursed ring of stealth Wands ('/') y - an uncursed wand of cold (0:3) Tools ('(') z - an empty uncursed sack P - an uncursed can of grease (0:23) l - an uncursed magic whistle t - an uncursed oil lamp n - an uncursed stethoscope Gems/Stones ('*') A - an uncursed worthless piece of yellowish brown glass Arasaka the Knight's attributes: Background: You were an Esquire, a level 5 male human Knight. You were lawful, on a mission for Lugh who was opposed by Brigit (neutral) and Manannan Mac Lir (chaotic). You were right-handed. You were in the Dungeons of Doom, on level 3. You entered the dungeon 2627 turns ago. It was nighttime. You had 199 experience points, 121 more were needed to attain level 6. Basics: You had 0 out of 48 hit points. You had all 37 energy points (spell power). Your armor class was 4. Your wallet contained 39 zorkmids. Autopickup was on for '$"?' plus thrown, with exceptions. Final Characteristics: Your strength was 16 (limit:18/100). Your dexterity was 10 (limit:18). Your constitution was 13 (limit:18). Your intelligence was 8 (limit:18). Your wisdom was 14 (limit:18). Your charisma was 17 (limit:18). Final Status: You weren't hungry. You were unencumbered. You were wielding a long sword. You were skilled in long sword. Final Attributes: You were piously aligned. You were telepathic. You could jump. You were warded. You are dead. Miscellaneous: You disabled loading of bones levels. Total elapsed playing time was 12 minutes and 9 seconds. Major events: Turn 1: Arasaka the lawful male human Knight entered the dungeon 767: entered the Gnomish Mines 865: attained the rank of Esquire (level 3) 2627: killed by a rabid rat Vanquished creatures: a pony a shrieker a gnome leader a little dog a floating eye 2 homunculi a kobold leader a giant bat 2 dwarf zombies 5 gnomes 3 geckos 5 jackals 2 foxes 3 kobolds 6 grid bugs 2 bats 4 lichens a kobold zombie 2 newts 44 creatures vanquished. No species were genocided or became extinct. Voluntary challenges: You read items or engraved 2 times. You never engraved Elbereth. You never genocided any monsters. You never polymorphed an object. You never changed form. You used no wishes. Achievements: You entered the Gnomish Mines. You attained the rank of Esquire. The Dungeons of Doom: levels 1 to 4 Level 1: Some fountains. Level 2: An altar. Level 3: <- You were here. A fountain. Stairs down to The Gnomish Mines. Final resting place for you, killed by a rabid rat. Level 4: A fountain. The Gnomish Mines: Level 4: Game over: ---------- / \ / REST \ / IN \ / PEACE \ / \ | Arasaka | | 39 Au | | killed by a | | rabid rat | | | | | | 2024 | *| * * * | * _________)/\\_//(\/(/\)/\//\/|_)_______ Fare thee well Arasaka the Knight... You died in The Dungeons of Doom on dungeon level 3 with 982 points, and 39 pieces of gold, after 2627 moves. You were level 5 with a maximum of 48 hit points when you died.